 Dungeon Crawl Stone Soup version 0.30-a0-358-g0d69a1922f (webtiles) character file.

Game seed: 15318427956645232611

1809 funkygono the Arsonist (level 8, -2/61 HPs)
             Began as a Red Draconian Fire Elementalist on Nov 8, 2022.
             Was a Follower of Vehumet.
             Slain by a kobold brigand
             ... wielding a +0 club
              (6 damage)
             ... on level 6 of the Dungeon.
             The game lasted 00:10:13 (6638 turns).

funkygono the Arsonist (DrFE)                       Turns: 6638, Time: 00:10:14

Health: -2/61      AC:  9    Str: 10    XL:     8   Next: 84%
Magic:  17/17      EV: 13    Int: 18    God:    Vehumet [*.....]
Gold:   247        SH:  0    Dex: 15    Spells: 9/20 levels left

rFire   + + .      SeeInvis +    m - +2 falchion "Embalmer" {elec, rF+ rC+ Will+ Dex+3 Stlth+}
rCold   + . .      Faith    .    (no shield)
rNeg    . . .      Spirit   .    (body armour unavailable)
rPois   .          Reflect  .    (helmet restricted)
rElec   .          Harm     .    (no cloak)
rCorr   .          Rampage  .    w - +0 pair of gloves
Will    ++...                    q - +1 pair of boots
Stlth   +++.......               (no amulet)
HPRegen 0.30/turn                c - ring of willpower
MPRegen 0.15/turn                n - ring of see invisible

@: slowed, very slow
A: breathe fire, AC +6, unfitting armour, fire resistance 1, cold-blooded
a: Breathe Fire, Renounce Religion


You were on level 6 of the Dungeon.
You worshipped Vehumet.
Vehumet was aware of your devotion.
You visited 2 branches of the dungeon, and saw 7 of its levels.

You collected 247 gold pieces.

Inventory:

Hand Weapons
 j - a +1 short sword of electrocution
 m - the +2 falchion "Embalmer" (weapon) {elec, rF+ rC+ Will+ Dex+3 Stlth+}
   (You found it on level 2 of the Dungeon)

   It occasionally discharges a powerful burst of electricity upon striking a
   foe.
   Dex:       It affects your dexterity (+3).
   rF:        It protects you from fire.
   rC:        It protects you from cold.
   Will:      It increases your willpower.
   Stlth:     It makes you more stealthy.
Missiles
 h - a throwing net
Armour
 q - a +1 pair of boots (worn)
 w - a +0 pair of gloves (worn)
Jewellery
 c - a ring of willpower (left hand)
 n - a ring of see invisible (right hand)
 x - a +6 ring of dexterity
Wands
 k - a wand of iceblast (18)
Scrolls
 b - a scroll of identify
 f - a scroll of teleportation {unknown}
 g - a scroll of butterflies
 i - a scroll of fear
 v - a scroll of silence
 y - a scroll of magic mapping {unknown}
Potions
 e - a potion of mutation
 l - 3 potions of lignification
 o - a potion of haste
 p - a potion of ambrosia
 r - 2 potions of brilliance
 s - a potion of cancellation {unknown}
 t - a potion of resistance {unknown}
 u - 2 potions of degeneration {unknown}


   Skills:
 + Level 1.8 Fighting
 + Level 2.1 Long Blades
 + Level 1.3 Maces & Flails
 + Level 3.0 Dodging
 + Level 3.1 Stealth
 + Level 6.5 Spellcasting
 + Level 4.2 Conjurations
 + Level 8.3 Fire Magic


You had 9 spell levels left.
You knew the following spells:

 Your Spells              Type           Power      Damage    Failure   Level
a - Foxfire               Conj/Fire      100%       2x1d9     1%          1
b - Scorch                Fire           70%        2d8       1%          2
c - Kindle Blastsparks    Fire/Tloc/Air  30%        2d12      11%         3
d - Flame Wave            Conj/Fire      28%        2d9       9%          4
e - Kiss of Death         Conj/Necr      52%        2d9       4%          1

Your spell library contained the following spells:

 Spells                   Type           Power      Damage    Failure   Level
 Inner Flame              Hex/Fire       20%        N/A       6%          3
 Sublimation of Blood     Necr           5%         N/A       17%         2
 Wereblood                Tmut           5%         N/A       17%         2
 Vhi's Electric Charge    Tloc/Air       10%        N/A       34%         3
 Arcjolt                  Conj/Air       6%         1d16      80%         5
 Summon Hydra             Summ           2%         N/A       100%        7
 Maxwell's Capacitive Co  Air            2%         ∞         100%        8


Dungeon Overview and Level Annotations

Branches:
Dungeon (6/15)             Temple (1/1) D:4

Altars:
Dithmenos
Elyvilon
Fedhas
Gozag
Hepliaklqana
Makhleb
Nemelex Xobeh
Qazlal
Ru
Sif Muna
Trog
Vehumet
Wu Jian
Xom
Yredelemnul
The Shining One

Shops:
D:5 [

Annotations:
D:6 3 runed translucent doors, BLiZZARD's ghost, novice DsFi


Innate Abilities, Weirdness & Mutations

You can breathe blasts of fire.
Your fiery red scales are hard. (AC +6)
You cannot fit into any form of body armour.
Your flesh is heat resistant. (rF+)
You are cold-blooded and may be slowed by cold attacks.


Message History

* * * LOW HITPOINT WARNING * * *
You feel very sick.
* * * LOW HITPOINT WARNING * * *
You feel very sick.
You feel better.
The kobold brigand hits you with a +0 club.
* * * LOW HITPOINT WARNING * * *
Casting: Foxfire (safe; 1% risk of failure)
Confirm with . or Enter, or press ? or * to list all spells.
Flames lash the kobold brigand.
The kobold brigand is moderately wounded.
The kobold brigand's fire resistance burns away.
You hear a shout!
The kobold brigand closely misses you.
The kobold brigand hits you with a +0 club.
* * * LOW HITPOINT WARNING * * *
Casting: Scorch (safe; 1% risk of failure)
Confirm with . or Enter, or press ? or * to list all spells.
Flames lash the kobold brigand.
The kobold brigand is burned terribly!
The kobold brigand is almost dead.
The kobold brigand hits you but does no damage.
Unknown command.
Casting: Scorch (safe; 1% risk of failure)
Confirm with . or Enter, or press ? or * to list all spells.
Flames lash the kobold brigand.
The kobold brigand is burned terribly!
The kobold brigand is almost dead.
The kobold brigand hits you but does no damage. x2
Unknown command.
Casting: Scorch (safe; 1% risk of failure)
Confirm with . or Enter, or press ? or * to list all spells.
You don't have enough magic to cast this spell.
Unknown command.
You barely miss the kobold brigand.
The kobold brigand is almost dead.
The kobold brigand misses you. Magic courses through your body.
The kobold brigand hits you with a +0 club.
* * * LOW HITPOINT WARNING * * *
The kobold brigand hits you with a +0 club.
You die...

#####......#### #K†...>K.
..............# #K##.. ###
.####.####.##.# #)##...# ... .#
#.# #.##.# #K#.... #.# .# #.#
#.##.#####.# ... #>#
.####.####.......##.# #.# #.#
.#.......####...KK..###.## #.#
.#.##.##.# ####K#####...####.###
.#.##.##.#######@# #...........
.#.##............#####...####.##.
.#.#......###.#.........## #.##.
.....###.........######.## #.##.
.#.........####### #?..###.##.
.######.#.#.## ### ##...##.##. .#
##.#....####.. .......##. .#
#..........#.# ...#####. .#
#.#...#.##.#.# #.######.


You could see a kobold brigand (combustible) and 2 kobolds.

Vanquished Creatures
  A black bear (D:6)
  An orc warrior (D:6)
  An ogre (D:5)
  2 centaurs
  A phantom (D:6)
  A bullfrog (D:6)
  A necrophage (D:4)
  6 scorpions
  A water moccasin zombie (D:4)
  A howler monkey (D:5)
  A centaur zombie (D:4)
  3 orc priests (D:4)
  2 hounds (D:5)
  4 jellies
  Ijyb (D:2)
  4 orc wizards (D:5)
  3 iguanas
  7 adders
  2 shadow imps
  5 ufetubi
  4 worms
  3 dart slugs
  20 orcs
  6 endoplasms
  2 giant cockroaches
  10 goblins
  5 hobgoblins
  15 jackals
  7 kobolds
  3 quokkas
  6 ball pythons
  A bat (D:1)
  2 frilled lizards (D:3)
  6 rats
  A butterfly (D:4)
139 creatures vanquished.

Vanquished Creatures (collateral kills)
  4 foxfires (D:2)
4 creatures vanquished.

Vanquished Creatures (others)
  325 foxfires
  2 plants (D:2)
327 creatures vanquished.

Grand Total: 470 creatures vanquished

Notes
Turn   | Place    | Note
-------+----------+-------------------------------------------
     0 | D:1      | funkygono the Draconian Fire Elementalist began the quest
                  | for the Orb.
     0 | D:1      | Reached XP level 1. HP: 14/14 MP: 3/3
   137 | D:1      | Reached XP level 2. HP: 20/20 MP: 0/5
   140 | D:1      | Learned a level 2 spell: Scorch
  1363 | D:2      | Reached XP level 3. HP: 26/26 MP: 0/6
  1367 | D:2      | Learned a level 3 spell: Kindle Blastsparks
  1419 | D:2      | Noticed Ijyb
  1555 | D:2      | Killed Ijyb
  1658 | D:2      | Identified the +2 falchion "Embalmer" {elec, rF+ rC+ Will+
                  | Dex+3 Stlth+}
  1839 | D:2      | Reached XP level 4. HP: 33/33 MP: 5/8
  2469 | D:3      | Found a glowing golden altar of the Shining One.
  2799 | D:3      | Found a sacrificial altar of Ru.
  3088 | D:4      | Reached skill level 1 in Long Blades
  3163 | D:4      | Reached XP level 5. HP: 14/38 MP: 1/9
  3168 | D:4      | Learned a level 4 spell: Flame Wave
  3310 | D:4      | Reached skill level 4 in Fire Magic
  3496 | D:4      | Reached XP level 6. HP: 45/45 MP: 7/11
  3937 | D:4      | Found a staircase to the Ecumenical Temple.
  3947 | Temple   | Entered the Ecumenical Temple
  4288 | D:4      | You fall into a shaft and drop 1 floor!
  4288 | D:5      | Entered Level 5 of the Dungeon
  4288 | D:5      | Found a radiant altar of Vehumet.
  4295 | D:5      | Became a worshipper of Vehumet
  4404 | D:4      | Your scales start taking on a fiery red colour.
  4404 | D:4      | Reached skill level 5 in Fire Magic
  4404 | D:4      | Reached XP level 7. HP: 37/51 MP: 6/13
  4404 | D:4      | Gained mutation: Your flesh is heat resistant. (rF+) [Red
                  | Draconian growth]
  4461 | D:4      | Found a basalt altar of Yredelemnul.
  4544 | D:5      | Reached skill level 6 in Fire Magic
  4584 | D:5      | Found Apnu's Armour Boutique.
  4721 | D:5      | Reached skill level 1 in Fighting
  4876 | D:5      | Reached skill level 1 in Maces & Flails
  4952 | D:5      | Noticed an air elemental
  4953 | D:5      | Found a stormy altar of Qazlal.
  4955 | D:5      | Noticed a fire elemental
  4956 | D:5      | Noticed a water elemental
  5117 | D:5      | Reached skill level 5 in Spellcasting
  5213 | D:5      | Found a burning altar of Makhleb.
  5213 | D:5      | Found an ornate altar of the Wu Jian Council.
  5351 | D:5      | Found a sparkling altar of Nemelex Xobeh.
  5426 | D:5      | Reached XP level 8. HP: 59/59 MP: 7/15
  5519 | D:5      | Found a shimmering blue altar of Sif Muna.
  5683 | D:5      | Reached * piety under Vehumet
  5683 | D:5      | Offered knowledge of Kiss of Death by Vehumet.
  5687 | D:5      | Learned a level 1 spell: Kiss of Death
  5881 | D:6      | Found a shimmering altar of Xom.
  5890 | D:6      | Reached skill level 7 in Fire Magic
  6062 | D:6      | Found a runed translucent gate.
  6062 | D:6      | Found a runed translucent gate.
  6062 | D:6      | Found a runed translucent gate.
  6109 | D:6      | Noticed BLiZZARD's ghost (novice DsFi)
  6614 | D:6      | Reached skill level 8 in Fire Magic
  6638 | D:6      | Slain by a kobold brigand

Illustrated notes

Levels and vault maps discovered:
D:1:      dpeg_arrival_rooms_b, layout_basic
D:2:      kennysheep_the_goblin_king, layout_loops_ring, serial_forest,
          infiniplex_forest_lined_4_way, infiniplex_forest_clump_diagonal,
          infiniplex_forest_clump_double, infiniplex_forest_clump_long,
          infiniplex_forest_lined_2, infiniplex_forest_lined_2
D:3:      layout_loops_cross, old_standard_altar, nicolae_ru_path_of_blood
D:4:      layout_cave_pools, lemuel_zombie_altar_yredelemnul,
          minmay_temple_entry_butterflies, serial_demonic, serial_demonic_b,
          serial_demonic_e, serial_demonic_e, serial_demonic_a
D:5:      layout_loops_ring, mainiacjoe_overflow_alcove_1, fiery_altar_vehumet,
          led_sif_book, nicolae_qazlal_style_of_elements,
          nicolae_overflow_two_pavilions, serial_glass, glass_columns_a,
          glass_columns_b, glass_columns_a, serial_shops,
          nicolae_take_the_stairs, nrook_pool_corridor,
          minmay_misc_feat_secret_circle
D:6:      layout_loops_ring, kennysheep_mini, gammafunk_ghost_icy
Temple:   nicolae_temple_bog_church

Skill      XL: |  1  2  3  4  5  6  7  8 |
---------------+-------------------------+-----
Dodging        | 2 3 |  3.0
Spellcasting   | 3 4 5 6 |  6.5
Conjurations   | 2 3 4 |  4.2
Long Blades    | 1 2 |  2.1
Stealth        | 2 3 |  3.1
Fire Magic     | 4 5 6 8 |  8.3
Fighting       | 1 |  1.8
Maces & Flails | 1 |  1.3

Action                   |  1- 3 |  4- 6 |  7- 9 || total
-------------------------+-------+-------+-------++-------
Melee: Club              |     9 |    30 |    22 ||    61
       Short sword       |     3 |       |       ||     3
       Falchion          |     1 |    12 |    22 ||    35
       Tailslap          |     1 |    13 |     7 ||    21
       Punch             |       |       |     2 ||     2
 Cast: Foxfire           |    46 |    86 |    69 ||   201
       Scorch            |    11 |    15 |    35 ||    61
  Use: Potion            |     1 |       |     2 ||     3
       Scroll            |       |     9 |     7 ||    16
Armor: Skin              |    14 |    29 |    40 ||    83
Dodge: Dodged            |    20 |    47 |    43 ||   110

Table legend: (Time is in decaauts)
 A = Elapsed time spent in this place.
 B = Non-inter-level travel time spent in this place.
 C = Inter-level travel time spent in this place.
 D = Time resting spent in this place.
 E = Time spent auto-exploring this place.
 F = Levels seen in this place.
 G = Mean time per level.
                   A        B        C        D        E       F      G
               +--------+--------+--------+--------+--------+-----+--------+
         Total |   6671 |   6563 |    108 |    217 |   5371 |   7 |  953.0 |
       Dungeon |   6512 |   6430 |     82 |    217 |   5244 |   6 | 1085.3 |
        Temple |    158 |    133 |     25 |      0 |    127 |   1 |  158.0 |
               +--------+--------+--------+--------+--------+-----+--------+

Top non-repeatable levels by time:
     D:1: 1386 daAuts
     D:5: 1368 daAuts
     D:4: 1229 daAuts
     D:2: 936 daAuts
     D:3: 822 daAuts
     D:6: 769 daAuts
  Temple: 158 daAuts
